 Dungeon Crawl Stone Soup version 0.20.1-1-g8b1a95d (webtiles) character file.

98 letownia2 the Grave Robber (level 4, -1/36 HPs)
             Began as a Deep Dwarf Necromancer on Dec 18, 2017.
             Killed from afar by Sigmund (12 damage)
             ... with a wand of flame (?/48)
             ... on level 5 of the Dungeon.
             The game lasted 00:04:08 (1423 turns).

letownia2 the Grave Robber (Deep Dwarf Necromancer) Turns: 1423, Time: 00:04:09

Health: -1/36      AC:  3    Str: 11    XL:     4   Next: 44%
Magic:  1/7        EV: 12    Int: 17    God:
Gold:   95         SH:  0    Dex: 13    Spells: 3/7 levels left

rFire    . . .     SeeInvis .   d - +0 dagger
rCold    . . .     Gourm    .   (no shield)
rNeg     . . .     Faith    .   p - +0 leather armour
rPois    .         Spirit   .   (no helmet)
rElec    .         Reflect  .   (no cloak)
rCorr    .         Harm     .   (no gloves)
MR       .....                  (no boots)
Stlth    ++........             (no amulet)
Regen    0.0/turn               (no ring)
MPRegen  0.1/turn               (no ring)

@: non-regenerating
A: damage resistance, heal wounds, sense surroundings 1, no regeneration
a: Heal Wounds


You were on level 5 of the Dungeon.
You were not hungry.

You visited 1 branch of the dungeon, and saw 5 of its levels.

You collected 95 gold pieces.

Inventory:

Hand Weapons
 d - a +0 dagger (weapon)
 q - a +0 quarterstaff
Missiles
 i - 34 bolts
Armour
 a - a +0 robe
 n - a +0 buckler
 p - a +0 leather armour (worn)
Scrolls
 g - a scroll of enchant armour {unknown}
 h - a scroll of noise {unknown}
 j - 2 scrolls of identify {unknown}
 m - a scroll of magic mapping {unknown}
Potions
 e - 2 potions of heal wounds {unknown}
 l - a potion of curing {unknown}
Books
 b - a book of Necromancy

   Spells                             Type                      Level
   a - Pain                           Necromancy                   1
   b - Animate Skeleton               Necromancy                   1
   c - Vampiric Draining              Necromancy                   3
   d - Regeneration                   Charms/Necromancy            3
   e - Animate Dead                   Necromancy                   4
   f - Control Undead                 Necromancy                   4
Comestibles
 c - a bread ration
 f - 2 fruits
 o - 2 royal jellies


   Skills:
 - Level 2.1 Dodging
 - Level 2.4 Stealth
 - Level 2.1 Spellcasting
 + Level 6.3 Necromancy


You had 3 spell levels left.
You knew the following spells:

 Your Spells              Type           Power        Failure   Level  Hunger
a - Pain                  Necr           ###.         1%          1    #......
v - Vampiric Draining     Necr           ###.......   5%          3    ###....


Dungeon Overview and Level Annotations

Branches:
Dungeon (5/15)
 Temple: D:4-7

Altars:
Fedhas
Nemelex Xobeh
Trog

Annotations:
D:4 Eustachio; letownia2's ghost, amateur DDNe
D:5 Sigmund


Innate Abilities, Weirdness & Mutations

You are resistant to damage.
You can heal yourself by infusing magical energy.
You passively map a small area around you.
You do not regenerate.


Message History

2 orcs come into view.
You barely miss something.
You feel less confused.
The orc shouts! x2
The frilled lizard bites you.
* * * LOW HITPOINT WARNING * * *
You hear some strange, mumbled words.
A magic dart appears from out of thin air!
The magic dart hits you!
* * * LOW HITPOINT WARNING * * *
Unknown command.
Casting: Vampiric Draining
Confirm with . or Enter, or press ? or * to list all spells.
Aiming: Vampiric Draining
Press: ? - help, Shift-Dir - straight line You feel life coursing into your body.
The frilled lizard barely misses you.
You hear a zap.
A puff of flame appears from out of thin air!
The puff of flame hits you!
You die...

,* , ,, * ##
, * #. * *,,
* #. , * * #.
* * #. ,
####.########
*
#...{@l...W.#
#>##o######.#
* , ..)* #.#
, * ###o #.#
* #. #l# *,
*#. #.# , , ,
.o #.# * .o
#.# , #.#


You could see a phantom, 4 orcs and a frilled lizard.

Vanquished Creatures
  2 worker ants
  3 adders
  A dart slug (D:1)
  2 leopard geckos
  2 bats
  A giant cockroach (D:1)
  A goblin (D:1)
  3 hobgoblins
  4 jackals
  A ball python (D:1)
  2 frilled lizards (D:2)
  2 kobolds
24 creatures vanquished.

Notes
Turn   | Place    | Note
-------+----------+-------------------------------------------
     0 | D:1      | letownia2 the Deep Dwarf Necromancer began the quest for the Orb.
     0 | D:1      | Reached XP level 1. HP: 15/15 MP: 3/3
   164 | D:1      | Reached XP level 2. HP: 14/22 MP: 1/5
   239 | D:2      | Reached skill level 5 in Necromancy
   324 | D:2      | Found a sparkling altar of Nemelex Xobeh.
   533 | D:3      | Reached XP level 3. HP: 17/28 MP: 0/6
   554 | D:3      | Learned a level 3 spell: Vampiric Draining
   737 | D:4      | Noticed letownia2's ghost (amateur DDNe)
   760 | D:3      | Reached skill level 6 in Necromancy
   760 | D:3      | Reached XP level 4. HP: 23/36 MP: 3/7
   999 | D:2      | Found a blossoming altar of Fedhas.
   999 | D:2      | Found a bloodstained altar of Trog.
  1207 | D:4      | Noticed Eustachio
  1364 | D:5      | Entered Level 5 of the Dungeon
  1385 | D:5      | Noticed a phantom
  1415 | D:5      | Noticed Sigmund
  1423 | D:5      | Killed from afar by Sigmund

Skill      XL: |  1  2  3 |
---------------+----------+-----
Spellcasting   | 2 |  2.1
Necromancy     | 5 6 |  6.3
Dodging        | |  2.1
Stealth        | |  2.4

Action                   |  1- 3 |  4- 6 || total
-------------------------+-------+-------++-------
Melee: Dagger            |     8 |     2 ||    10
 Cast: Pain              |    33 |     3 ||    36
       Vampiric Draining |     2 |     9 ||    11
  Eat: Chunk             |       |     3 ||     3
Armor: Robe              |     6 |     4 ||    10
       Leather armour    |       |     1 ||     1
Dodge: Dodged            |    11 |    11 ||    22
